← All builds
Tech / Armada / Economy first / OBSERVED BUILD

Standard tech

Rushes T2 factory and Advanced Metal Extractors while supplying T2 constructors to teammates, then transitions into anti-nuke and support units later.

Usually first T2 con to Geo (85%)

#t2 #eco #team support · 762 distinct matches · 108 players · 59% of Armada Tech games · team won 53% of 882 · Recently observed

HOW TO PLAY IT

Key timing: T2 lab by 4:15

  1. Take 3 mex, then wind and a Bot Lab to open eco fast.
  2. Push T2 lab out, aim to pass T2 to air player.
  3. Get first T2 constructor building, prioritize mex upgrades over eco.
  4. Finish Advanced Metal Extractor, keep upgrading team's mex.
  5. Add fus and anti-nuke, keep feeding T2 cons and Umbrella/Citadel to team.

Phase by phase

TYPICAL OF ITS 762 GAMES
  1. 1
  2. 2
  3. 3
  4. 4
PLAY THE OPENING

Follow the example game's first 6:00 step by step: what to build now, what comes next, and where it goes. At 1× it keeps pace with your own game.

  1. 1

    Up to the Bot Lab

    Economy
    • Metal Extractor3Mex
    • Wind Turbine4Wind
    Order
    1. Bot LabBot Lab after 3 mex, 4 winddone ~1:17, middle half 1:13–1:32

    By 1:01 in all: 3 mex · 4 wind

    The example game in this phase · 5 steps
    1. Mex ×3
    2. Wind ×4
    3. Energy storage
    4. Wind ×3
    5. Bot LabBot Labdone 1:46 · typical 1:17
  2. 2

    Bot Lab to Advanced Bot Lab

    Economy
    • Metal Extractor1Mex
    • Wind Turbine8Wind
    • Energy Storage1Energy storage
    Order
    1. Advanced Bot LabAdvanced Bot Lab after 4 mex, 12 wind, 3 con turretdone ~4:15, middle half 4:04–4:27
    Builders
    • Construction Turret3 Con turret
    • Lazarus3 Lazarus
    • Construction Bot2 Con bot
    • Construction Bot1 Con bot for allies

    Some games also: converter (36%)

    By 3:19 in all: 4 mex · 12 wind · 1 energy storage · 3 con turret

    The example game in this phase · 8 steps
    1. Construction BotCon bot
    2. LazarusLazarus ×2
    3. Construction BotCon botfor Air
    4. LazarusLazarus
    5. Mex
    6. Con turret ×2
    7. LazarusLazarus
    8. Advanced Bot LabAdvanced Bot Labdone 3:59 · typical 4:15
  3. 3

    Advanced Bot Lab to 5:00

    Economy
    • Wind Turbine2Wind
    Builders
    • Advanced Construction Bot1 T2 con bot for allies

    Some games also: converter (36%)

    By 5:00 in all: 4 mex · 15 wind · 2 converter · 1 energy storage · 3 con turret

    The example game in this phase · 7 steps
    1. Advanced Construction BotT2 con botfor Air
    2. Converter ×2
    3. Advanced Metal ExtractorT2 mexdone 5:03 · typical 5:29
    4. Converter
    5. Advanced Metal ExtractorT2 mex
    6. Wind
    7. Advanced Metal ExtractorT2 mex
  4. 4

    5:00 to 10:00

    Economy
    • Wind Turbine44Wind
    • Energy Converter6Converter
    Builders
    • Butler8 Butler
    • Advanced Construction Bot4 T2 con bot for allies
    • Advanced Construction Bot1 T2 con bot

    Some games also: con turret (47%) · Butler for allies (38%)

    By 10:00 in all: 4 mex · 59 wind · 8 converter · 1 energy storage · 3 con turret

    The example game in this phase · 109 steps
    1. Wind ×3
    2. Advanced Construction BotT2 con bot
    3. Wind ×2
    4. Advanced Metal ExtractorT2 mex
    5. Advanced Construction BotT2 con botfor Geo sea
    6. Wind
    7. Advanced Construction BotT2 con botfor Beach sea
    8. Wind
    9. Advanced Construction BotT2 con botfor Pond
    10. Wind ×4
    11. ButlerButler ×2
    12. Con turret
    13. ButlerButler ×2
    14. Wind ×3
    15. Con turret
    16. Wind ×2
    17. ButlerButler
    18. Wind ×5
    19. ButlerButler
    20. Wind
    21. ButlerButler
    22. Wind ×2
    23. ButlerButler
    24. Wind
    25. Con turret
    26. Wind ×2
    27. ButlerButler
    28. Wind ×2
    29. Con turret
    30. Wind ×2
    31. ButlerButler
    32. Wind ×2
    33. Con turret
    34. Converter
    35. Wind ×2
    36. ButlerButler
    37. Con turret
    38. Wind ×3
    39. Con turret
    40. Wind
    41. Converter
    42. Wind
    43. Con turret
    44. ButlerButler
    45. Wind ×2
    46. Converter
    47. Wind ×4
    48. Converter
    49. Wind ×2
    50. CitadelAnti-nukedone 12:19
    51. ButlerButler
    52. Wind
    53. Converter
    54. Wind ×5
    55. Converter
    56. Wind ×3
    57. Converter
    58. Wind ×3
    59. ButlerButler
    60. Wind ×3
    61. Converter
    62. Wind ×6
    63. Converter
    64. Wind ×2
    65. ButlerButler
    66. Wind ×3
    67. Converter
    68. Wind ×5
    69. Converter
    70. Wind ×4
    71. ButlerButler
    72. Wind ×2
    73. Converter
    74. Wind ×8
    75. Converter
    76. Wind ×7
    77. Converter
    78. Wind
    79. Con turret
    80. Wind ×4
    81. Converter
    82. Wind ×8
    83. Converter
    84. Wind ×7
    85. Converter
    86. Con turret
    87. Wind ×7
    88. Converter
    89. Wind ×5
    90. Converter
    91. Wind ×3
    92. Metal storage
    93. Wind ×6
    94. Converter
    95. Wind ×5
    96. Converter
    97. Wind ×8
    98. Converter
    99. Wind ×8
    100. Converter
    101. Wind ×6
    102. Converter
    103. Wind ×7
    104. Converter
    105. Wind ×7
    106. Converter
    107. Wind ×5
    108. Converter
    109. Wind ×3

Counts are medians over the build's games: half of them build more, half fewer. The example game is Damsko's (39 OS, 25/09/2026); pick another.

Team trades

IN AT LEAST 30% OF ITS GAMES

You hand over

  • Construction Bot1 Con bot to Airfirst at 2:22 · in 88% of games
  • Advanced Construction Bot5 T2 con bot to Air or Pond or Geo seafirst at 4:46 · in 99% of games
  • Sharpshooter2 Sniper bot to Pondfirst at 5:21 · in 33% of games
  • Butler2 Butler to Geo sea or Beach sea or Pondfirst at 9:04 · in 42% of games

You get

  • Hercules1 Light transport from Airfirst at 4:00 · in 86% of games

How it plays out

Typical game of this build, running totals by minute

Metal produced

020k40k
0:005:0010:0015:00

metal

Enemy metal destroyed

0200400
0:005:0010:0015:00

metal

Own metal lost

0100200300
0:005:0010:0015:00

metal

882 games.

Show as table
ByMetal produced: This buildEnemy metal destroyed: This buildOwn metal lost: This build
1:0038300
2:0091500
3:00164400
4:00315200
5:00486600
6:00581100
7:00723300
8:00907900
9:001125300
10:001358400
11:001641600
12:001998800
13:002377500
14:002754990108
15:0031616324206
WHAT THE NUMBERS SAY

This is the role's baseline and wins slightly more than half its games with a huge metal lead but almost no kills, showing its value is economic not combat.

  • + Produces 31389 metal by 15:00, far above other roles.
  • + Reaches T2 lab and constructor by 4:15-4:33 almost every game.
  • − Barely destroys any enemy metal (400 by 15:00), no combat presence.
  • − Fusion Reactor and anti-nuke only land in 44% of games.
THE EXAMPLE YOU ARE READING

Damsko

39.0 OS · 25/09/2026

Open source match ↗

1 received units
1238 metal received · 64656 energy received

Allied construction assistance is unknown. Timings are observations, not a promise of solo reproducibility.

Typical milestones

Bot Lab1:17Middle 50%: 1:13–1:32 · n=882
Advanced Bot Lab4:15Middle 50%: 4:04–4:27 · n=876
Advanced Metal Extractor5:29Middle 50%: 5:06–5:58 · n=880

Played most by

Amrissa100games of this buildSyphos39games of this buildKOT_38games of this buildAdeus34games of this buildTeaner33games of this build